AoeStats
← bibita

African Clearing

505498396Analyzed
3v3 RM · 23d ago on Sep 9, 2026· 49m 30s· 6 players
Game mode
Random Map
Map size
Normal (6 player)
Population
200
Speed
Normal
Resources
Standard
Victory
Conquest
Starting age
Dark Age
Ending age
Imperial Age
RankedLock teamsTeams togetherTeam positionsShared explorationLock speedFull tech treeHidden civsTurbo modeCheats
Victory
Defeat
🇪🇸 Malay · Spain
1094
+11
🇪🇸 Japanese · Spain
1083
+12
🇪🇸 Persians · Spain
840
+22
🇵🇪 Vikings · Peru
1000
-16
🇵🇪 Burgundians · Peru
974
-15
🇵🇪 Burmese · Peru
965
-14
MASTURBIN
18:22 Feudal Age
17:30 Loom
22:52 Castle Age
21:25 Double-Bit Axe
28:46 Horse Collar
30:19 Ballistics
31:28 Padded Archer Armor
31:19 Fletching
32:03 Crossbowman
35:16 Bodkin Arrow
35:38 Leather Archer Armor
36:03 Fortified Wall
36:43 Squires
36:04 Pikeman
36:47 Scale Mail Armor
36:57 Forging
40:28 Town Watch
44:48 Imperial Age
43:02 Chain Mail Armor
43:22 Iron Casting
43:41 Masonry
44:23 Arson
45:15 Gold Mining
45:15 Stone Mining
44:53 Arbalester
45:36 Bracer
46:07 Ring Archer Armor
47:24 Chemistry
b1t
6:51 Loom
17:40 Feudal Age
22:45 Castle Age
21:27 Double-Bit Axe
22:38 Padded Archer Armor
22:28 Fletching
24:24 Bow Saw
23:40 Crossbowman
27:44 Wheelbarrow
27:59 Light Cavalry
35:21 Horse Collar
36:32 Scale Barding Armor
36:40 Forging
41:59 Two-Man Saw
41:55 Gold Mining
42:38 Chain Barding Armor
42:56 Iron Casting
43:15 Husbandry
44:00 Heavy Plow
45:20 Burgundian Vineyards
45:43 Hand Cart
46:29 Pikeman
47:10 Squires
47:15 Scale Mail Armor
Rychiplay
7:47 Loom
17:03 Feudal Age
19:22 Horse Collar
22:26 Castle Age
29:43 Crossbowman
bibita
9:35 Loom
20:26 Feudal Age
25:07 Castle Age
30:13 Scale Barding Armor
30:09 Padded Archer Armor
35:25 Chain Barding Armor
45:34 Leather Archer Armor
45:34 Husbandry
ConejoSilent
6:38 Loom
15:52 Feudal Age
15:48 Double-Bit Axe
15:45 Horse Collar
24:27 Castle Age
23:03 Gold Mining
24:11 Scale Barding Armor
25:18 Husbandry
25:31 Heavy Plow
35:17 Gold Shaft Mining
35:25 Wheelbarrow
36:04 Bow Saw
37:10 Stone Mining
41:49 Imperial Age
39:39 Hand Cart
40:36 Forging
42:34 Chemistry
41:47 Town Watch
41:36 Elite Battle Elephant
43:25 Conscription
Muninn77
5:14 Loom
16:36 Feudal Age
20:50 Castle Age
19:05 Double-Bit Axe
19:43 Gold Mining
20:23 Man-at-Arms
20:50 Arson
21:37 Squires
21:44 Gambesons
22:05 Long Swordsman
33:46 Scale Mail Armor
33:57 Forging
38:13 Gold Shaft Mining
45:46 Imperial Age
43:54 Wheelbarrow
45:21 Chain Mail Armor
45:42 Iron Casting
46:00 Horse Collar
45:48 Two-Handed Swordsman
45:57 Capped Ram
47:10 Champion
Connection lost

Rejoining the realm…

Still unreachable

The connection could not be restored.

Session expired

The server has moved on; the page needs a fresh start.